 Dungeon Crawl Stone Soup version 0.18-a0-1014-g3bbf375 (webtiles) character file.

199 kae the Slasher (level 5, 0/45 HPs)
             Began as a Minotaur Fighter on Jan 6, 2016.
             Slain by an orc
             ... wielding a +0 dagger
              (1 damage)
             ... on level 2 of the Dungeon.
             The game lasted 00:02:05 (1529 turns).

kae the Slasher (Minotaur Fighter)                  Turns: 1529, Time: 00:02:05

Health: 0/45       AC:  6    Str: 26    XL:     5   Next: 48%
Magic:  4/4        EV:  7    Int:  6    God:
Gold:   162        SH: 10    Dex:  9    Spells: 0 memorised, 4 levels left

rFire  . . .     SeeInvis .     a - +1 long sword
rCold  . . .     Gourm    +     b - +0 scale mail
rNeg   + . .     Faith    .     j - +1 shield {reflect}
rPois  .         Spirit   .     (helmet restricted)
rElec  .         Dismiss  .     (no cloak)
rCorr  .         Reflect  +     (no gloves)
SustAt .         Harm     .     (no boots)
MR     .....                    i - amulet of the gourmand
Stlth  ..........               h - ring of positive energy
                                (no ring)

@: mighty, not resistant to hostile enchantments, extremely unstealthy
A: retaliatory headbutt, horns 2
a: no special abilities


You were on level 2 of the Dungeon.
You were not hungry.

You visited 1 branch of the dungeon, and saw 3 of its levels.

You collected 162 gold pieces.

Inventory:

Hand Weapons
 a - a +1 long sword (weapon)
Armour
 b - a +0 scale mail (worn)
 c - a +0 shield
 j - a +1 shield of reflection (worn)
Jewellery
 g - an uncursed ring of teleportation
 h - a ring of positive energy (right hand)
 i - an amulet of the gourmand (around neck)
Scrolls
 s - a scroll of remove curse
Potions
 d - a potion of might
 e - 2 potions of curing {unknown}
 k - a potion of heal wounds {unknown}
 l - 2 potions of invisibility {unknown}
 m - a potion of haste {unknown}
 n - a potion of agility {unknown}
 p - 2 potions of resistance
 u - a potion of lignification {unknown}
Comestibles
 f - 2 bread rations
 q - a meat ration


   Skills:
 - Level 3.6 Fighting
 + Level 7.0 Long Blades
 - Level 3.6 Armour
 - Level 3.6 Shields


You had 4 spell levels left.
You didn't know any spells.

Dungeon Overview and Level Annotations

Branches:
Dungeon (3/15)

Altars:
Trog


Innate Abilities, Weirdness & Mutations

You reflexively headbutt those who attack you in melee.
You have a pair of horns on your head.


Message History

You block the orc warrior's attack. The orc hits you with a dagger.
* * * LOW HITPOINT WARNING * * *
Unknown command.
You slash the orc warrior!
The orc warrior is almost dead.
You block the orc warrior's attack. The orc hits you with a dagger.
* * * LOW HITPOINT WARNING * * *
Unknown command.
You hit the orc warrior but do no damage.
You headbutt the orc warrior.
You kill the orc warrior!
Your Long Blades skill gained 2 levels and is now at level 7!
You have reached level 5!
The orc hits you with a dagger.
* * * LOW HITPOINT WARNING * * *
The orc barely misses you.
You hit the orc.
The orc is severely wounded.
The orc hits you with a dagger.
You die...

#...............#
#......###.##
#.......†.......#
#..........##
................#
#.........###
.......##########
#.........+.. .......#
#........÷### ....####
######....... ....#
#.....## ....#
############.....# ....#
#######.@).............#
...##
#......o##########....##
...#
#.###...##########....#
...#
#.#≈#.#..........#....#
...#
####.###.#..........#..[.#
...#
#...................#....#
# ...#
#.#####.##..........######
# ##.# #.# #.............#
# #.# #.# ###...........#
####


You could see an orc.

Vanquished Creatures
  An orc warrior (D:2)
  Natasha (D:3)
  4 adders
  An ooze (D:2)
  A giant gecko (D:1)
  An orc (D:3)
  5 bats
  3 giant cockroaches
  9 goblins
  8 hobgoblins
  A quokka (D:3)
  A giant newt (D:2)
  5 kobolds
  5 rats
46 creatures vanquished.

Notes
Turn   | Place    | Note
--------------------------------------------------------------
     0 | D:1      | kae the Minotaur Fighter began the quest for the Orb.
     0 | D:1      | Reached XP level 1. HP: 19/19 MP: 0/0
   189 | D:1      | Reached XP level 2. HP: 20/26 MP: 1/1
   517 | D:1      | Reached skill level 4 in Long Blades
   701 | D:2      | Reached XP level 3. HP: 26/31 MP: 2/2
  1060 | D:2      | Reached skill level 5 in Long Blades
  1206 | D:2      | Found a bloodstained altar of Trog.
  1318 | D:3      | Reached XP level 4. HP: 33/39 MP: 3/3
  1362 | D:3      | Noticed an orc warrior
  1363 | D:3      | Noticed Natasha
  1522 | D:3      | Killed Natasha
  1528 | D:2      | Killed an orc warrior
  1528 | D:2      | Reached skill level 7 in Long Blades
  1528 | D:2      | Reached XP level 5. HP: 2/45 MP: 4/4
  1528 | D:2      | HP: 1/45 [orc/dagger (1)]
  1529 | D:2      | Slain by an orc

Vault maps used:
D:1:      lemuel_arrival_hallway
D:2:      lightli_temple_of_fire, feat_on_display
D:3:      grunt_ministairs_10, uniq_jessica, uniq_crazy_yiuf_cottage,
          uniq_natasha

Action                   |  1- 3 |  4- 6 || total
-------------------------+-------+-------++-------
Melee: Long sword        |    79 |    18 ||    97
  Use: Scroll            |     2 |     4 ||     6
       Potion            |       |     1 ||     1
  Eat: Chunk             |     1 |     4 ||     5
